Capitals vs Sabres

Created - 5 janvier 2021 at 21:56

Goals
1 2 3 T
Capitals 3 0 0 3
Sabres 1 0 1 2
Shots
1 2 3 T
Capitals 10 4 3 17
Sabres 11 20 18 49

1st period

1. Capitals , Reilly Smith 13 (Brandon Montour 13) at 0:37
2. Sabres , Tyler Seguin 8 (Kevin Fiala 12, Rasmus Dahlin 19) at 1:38
3. Capitals , Jason Dickinson 6 (Wayne Simmonds 8, David Kampf 10) at 3:08
4. Capitals , Kevin Labanc 10 (Michael Del Zotto 15, Chandler Stephenson 3) at 16:37

Penalties :
No Penalty

2nd period

No Goal

Penalties :
Ryan Nugent-Hopkins (BUF) for Hooking (Minor) at 6:25, Brett Kulak (WSH) for Roughing (Minor) at 8:45, Erik Gustafsson (BUF) for Fighting (Major) at 12:41, Jonas Siegenthaler (WSH) for Fighting (Major) at 12:41, Bobby Ryan (WSH) for High sticking (Double Minor) at 12:43

3rd period

5. Sabres , Nic Dowd 2 (Luke Glendening 4) at 2:53

Penalties :
Riley Stillman (WSH) for Hooking (Minor) at 3:27, Kris Russell (WSH) for Slashing (Minor) at 5:24, Brett Kulak (WSH) for Holding (Minor) at 12:31

Goalie Stats

Aaron Dell (WSH), 47 saves from 49 shots - (0,959), W, 6-3-0, 60:00 minutes
Matt Murray (BUF), 14 saves from 17 shots - (0,824), L, 20-6-5, 59:50 minutes

Players Stats for Capitals

Player Name              G  A  P  +/- PIM S  H  SB GA TA FO     MP     PP MP  PK MP  
------------------------------------------------------------------------------------
Bobby Ryan               0  0  0   0  4   0  2  0  0  0  1/6    18:32   0:36   2:38 
Brandon Montour          0  1  1   0  0   1  2  0  0  0  0/0    23:54   0:36   6:31 
Brett Kulak              0  0  0   0  4   0  0  2  0  0  0/0    14:57   0:33   0:00 
Casey Mittelstadt        0  0  0   1  0   1  0  0  0  0  8/14   10:09   0:09   0:00 
Chandler Stephenson      0  1  1   1  0   3  3  0  0  0  2/4    12:33   0:09   2:28 
David Kampf              0  1  1   1  0   0  0  0  0  0  1/1    14:56   1:14   0:36 
Filip Zadina             0  0  0  -1  0   1  0  0  0  0  0/0     7:43   0:00   0:00 
Jason Dickinson          1  0  1   1  0   2  0  0  0  0  5/13   18:42   1:14   4:22 
Jonas Siegenthaler       0  0  0   0  5   0  2  0  0  0  0/0    16:45   0:33   2:18 
Josh Anderson            0  0  0  -1  0   0  2  0  0  0  0/0     7:43   0:00   0:00 
Kevin Labanc             1  0  1   1  0   1  0  0  0  0  0/2    10:09   0:09   0:00 
Kris Russell             0  0  0   1  2   0  0  1  0  0  0/0    20:34   0:50   4:18 
Michael Del Zotto        0  1  1   0  0   1  3  4  0  0  0/0    23:40   0:36   6:17 
Mikael Granlund          0  0  0   0  0   1  1  0  0  0  3/19   22:48   0:36   6:53 
Reilly Smith             1  0  1   0  0   3  1  1  0  0  4/13   22:46   0:36   6:47 
Riley Stillman           0  0  0   1  2   1  4  1  0  0  0/0    20:05   0:50   4:21 
Vinnie Hinostroza        0  0  0  -1  0   0  0  0  0  0  3/10    7:43   0:00   0:00 
Wayne Simmonds           0  1  1   1  0   2  0  0  0  0  1/2    14:20   1:14   0:00 

Players Stats for Sabres

Player Name              G  A  P  +/- PIM S  H  SB GA TA FO     MP     PP MP  PK MP  
------------------------------------------------------------------------------------
Adam Pelech              0  0  0   0  0   1  1  0  0  0  0/0    16:23   1:45   0:00 
Carson Soucy             0  0  0   0  0   0  0  0  0  0  0/0     2:42   0:00   0:00 
Christian Djoos          0  0  0   0  0   0  0  1  0  0  0/0    14:21   0:00   0:00 
Dmitry Orlov             0  0  0  -1  0   0  1  0  0  0  0/0    21:08   6:03   0:33 
Elias Lindholm           0  0  0   0  0   3  2  0  0  0  2/3    22:55   6:40   0:33 
Erik Gustafsson          0  0  0   0  5   2  1  2  0  0  0/0    19:02   4:05   1:26 
Jimmy Vesey              0  0  0   0  0   0  0  0  0  0  0/0     3:22   0:00   0:00 
Jonathan Drouin          0  0  0   1  0   5  1  0  0  0  0/0    11:04   0:00   0:00 
Kevin Fiala              0  1  1  -2  0   1  1  0  0  0  1/2    21:13   5:13   0:00 
Kris Letang              0  0  0   0  0   8  3  0  0  0  0/0    25:09   6:28   1:26 
Leon Draisaitl           0  0  0   0  0   10 0  0  0  0  20/30  22:54   6:40   0:32 
Luke Glendening          0  1  1   1  0   3  2  0  0  0  13/16  12:30   0:00   1:26 
Michael Grabner          0  0  0   0  0   0  0  0  0  0  0/1     3:22   0:00   0:00 
Nic Dowd                 1  0  1   1  0   1  0  0  0  0  2/3    15:20   0:00   0:54 
Nikolaj Ehlers           0  0  0  -2  0   5  1  0  0  0  0/0    21:13   5:13   0:00 
Rasmus Dahlin            0  1  1  -1  0   0  0  0  0  0  0/0    21:14   5:25   0:33 
Ryan Nugent-Hopkins      0  0  0   0  2   4  3  0  0  0  2/3    22:21   6:40   0:00 
Tyler Seguin             1  0  1  -2  0   6  3  0  0  0  16/26  21:46   5:13   0:33 

3 Stars

1 - Aaron Dell (WSH)
2 - Jason Dickinson (WSH)
3 - Kevin Labanc (WSH)

Power Play

Capitals - 0 on 1 Attempt(s) - 0,00%
Sabres - 0 on 6 Attempt(s) - 0,00%

Penalty Kill

Capitals - 6 on 6 Attempt(s) - 100,00% - Score 0 goal in Penalty Kill
Sabres - 1 on 1 Attempt(s) - 100,00% - Score 0 goal in Penalty Kill

Team Stat

Capitals - Hits : 20 - Faceoff Wins : 28 - Blocked Shots : 9 - Penalty Minutes : 17
Sabres - Hits : 19 - Faceoff Wins : 56 - Blocked Shots : 3 - Penalty Minutes : 7

Official

Referees : Francis Charron and Eric Furlatt
Linesman : Darren Gibbs and Derek Nansen

Game Notes

Erik Gustafsson and Jonas Siegenthaler fight to a draw at 12:41 of 2nd period

Finance

Level 1 -- Attendance: 5555 (85,46%) -- Ticket Income 722 150 $
Level 2 -- Attendance: 5000 (100,00%) -- Ticket Income 400 000 $
Level 3 -- Attendance: 3329 (95,11%) -- Ticket Income 199 740 $
Level 4 -- Attendance: 2863 (93,26%) -- Ticket Income 85 890 $
Luxury Box -- Attendance: 863 (86,30%) -- Ticket Income 198 490 $
Game was played at the Buffalo Pete Center.
Total Attendance: 17610 (92,34%)
Total Ticket Income: 1 606 270 $
Other Income: 787 072 $
Total Income: 2 393 342 $

% Time on Ice - Capitals

Lines # - Real PCT - Wanted PCT - Time Play
Normal Forward
1 - 32% - 40% - 14:35
2 - 29% - 30% - 13:06
3 - 22% - 20% - 9:56
4 - 17% - 10% - 7:43
Normal Defense
1 - 32% - 40% - 14:21
2 - 33% - 30% - 14:55
3 - 30% - 20% - 13:42
4 - 5% - 10% - 2:22
PP Forward
1 - 38% - 60% - 0:45
2 - 62% - 40% - 1:14
PP Defense
1 - 30% - 60% - 0:36
2 - 70% - 40% - 1:23
PK Forward
1 - 66% - 60% - 7:46
2 - 34% - 40% - 4:05
PK Defense
1 - 55% - 60% - 6:31
2 - 45% - 40% - 5:20
PK3 Forward
1 - 100% - 60% - 0:02
2 - 0% - 40% - 0:00
PK3 Defense
1 - 100% - 60% - 0:02
2 - 0% - 40% - 0:00
44 Forward
1 - 0% - 60%
2 - 0% - 40%
44 Defense
1 - 0% - 60%
2 - 0% - 40%
Last Minute Offensive  - 0:00
Last Minute Defensive  - 0:48
Total
Forward - 60:00
Defense - 60:00

% Time on Ice - Sabres

Lines # - Real PCT - Wanted PCT - Time Play
Normal Forward
1 - 34% - 38% - 15:27
2 - 35% - 35% - 16:00
3 - 24% - 22% - 11:04
4 - 7% - 5% - 3:22
Normal Defense
1 - 31% - 38% - 14:18
2 - 32% - 35% - 14:32
3 - 31% - 22% - 14:21
4 - 6% - 5% - 2:42
PP Forward
1 - 56% - 55% - 6:40
2 - 44% - 45% - 5:13
PP Defense
1 - 54% - 55% - 6:28
2 - 46% - 45% - 5:25
PK Forward
1 - 72% - 60% - 1:26
2 - 28% - 40% - 0:33
PK Defense
1 - 72% - 60% - 1:26
2 - 28% - 40% - 0:33
PK3 Forward
1 - 0% - 60%
2 - 0% - 40%
PK3 Defense
1 - 0% - 60%
2 - 0% - 40%
44 Forward
1 - 0% - 60%
2 - 0% - 40%
44 Defense
1 - 0% - 60%
2 - 0% - 40%
Last Minute Offensive  - 0:15
Last Minute Defensive  - 0:00
Total
Forward - 60:00
Defense - 60:00

Play-by-Play

1st period


0:01 of 1st period - Ryan Nugent-Hopkins wins face-off versus Mikael Granlund in neutral zone.
0:14 of 1st period - Shot by Elias Lindholm.
0:14 of 1st period - Shot Misses the Net.
0:17 of 1st period - Icing by Michael Del Zotto.
0:18 of 1st period - Tyler Seguin wins face-off versus Mikael Granlund in Capitals zone.
0:25 of 1st period - Shot by Kevin Fiala.
0:25 of 1st period - Deflect By Nikolaj Ehlers.
0:25 of 1st period - Shot Misses the Net.
0:37 of 1st period - Shot by Reilly Smith.
0:37 of 1st period - Goal by Reilly Smith - Capitals : 1 - Sabres : 0.
0:38 of 1st period - Luke Glendening wins face-off versus Jason Dickinson in neutral zone.
0:41 of 1st period - Riley Stillman is hit by Luke Glendening and loses puck.
1:08 of 1st period - Shot by Wayne Simmonds.
1:08 of 1st period - Stopped by Matt Murray without a rebound.
1:09 of 1st period - Leon Draisaitl wins face-off versus Kevin Labanc in Sabres zone.
1:09 of 1st period - Leon Draisaitl is hit by Chandler Stephenson.
1:23 of 1st period - Shot by Leon Draisaitl.
1:23 of 1st period - Stopped by Aaron Dell without a rebound.
1:24 of 1st period - Tyler Seguin wins face-off versus Vinnie Hinostroza in Capitals zone.
1:24 of 1st period - Tyler Seguin is hit by Michael Del Zotto.
1:38 of 1st period - Shot by Tyler Seguin.
1:38 of 1st period - Goal by Tyler Seguin - Capitals : 1 - Sabres : 1.
1:39 of 1st period - Casey Mittelstadt wins face-off versus Michael Grabner in neutral zone.
2:43 of 1st period - Shot by Reilly Smith.
2:43 of 1st period - Stopped by Matt Murray without a rebound.
2:44 of 1st period - Tyler Seguin wins face-off versus Jason Dickinson in Sabres zone.
2:55 of 1st period - Jason Dickinson is hit by Tyler Seguin and loses puck.
3:08 of 1st period - Shot by Jason Dickinson.
3:08 of 1st period - Goal by Jason Dickinson - Capitals : 2 - Sabres : 1.
3:09 of 1st period - Mikael Granlund wins face-off versus Leon Draisaitl in neutral zone.
5:01 of 1st period - Shot by Jonathan Drouin.
5:01 of 1st period - Stopped by Aaron Dell without a rebound.
5:02 of 1st period - Luke Glendening wins face-off versus Vinnie Hinostroza in Capitals zone.
5:03 of 1st period - Shot by Jonathan Drouin.
5:03 of 1st period - Stopped by Aaron Dell with a rebound.
5:58 of 1st period - Icing by Brandon Montour.
5:59 of 1st period - Leon Draisaitl wins face-off versus Casey Mittelstadt in Capitals zone.
7:47 of 1st period - Shot by Wayne Simmonds.
7:47 of 1st period - Deflect By Jason Dickinson.
7:47 of 1st period - Stopped by Matt Murray without a rebound.
7:48 of 1st period - Vinnie Hinostroza wins face-off versus Nic Dowd in Sabres zone.
7:55 of 1st period - Shot by Filip Zadina.
7:55 of 1st period - Stopped by Matt Murray without a rebound.
7:56 of 1st period - Luke Glendening wins face-off versus Vinnie Hinostroza in Sabres zone.
8:43 of 1st period - Shot by Elias Lindholm.
8:43 of 1st period - Shot Hit the Post.
8:45 of 1st period - Shot by Dmitry Orlov.
8:45 of 1st period - Shot Misses the Net.
8:47 of 1st period - Shot by Elias Lindholm.
8:47 of 1st period - Shot Misses the Net.
8:50 of 1st period - Elias Lindholm is hit by Jonas Siegenthaler and loses puck.
9:02 of 1st period - Off-side.
9:03 of 1st period - Tyler Seguin wins face-off versus Mikael Granlund in neutral zone.
9:26 of 1st period - Off-side.
9:27 of 1st period - Ryan Nugent-Hopkins wins face-off versus Jason Dickinson in neutral zone.
10:10 of 1st period - David Kampf is hit by Ryan Nugent-Hopkins.
10:13 of 1st period - Jason Dickinson is hit by Ryan Nugent-Hopkins.
10:45 of 1st period - Wayne Simmonds is hit by Tyler Seguin and loses puck.
11:30 of 1st period - Shot by Luke Glendening.
11:30 of 1st period - Stopped by Aaron Dell without a rebound.
11:31 of 1st period - Nic Dowd wins face-off versus Casey Mittelstadt in Capitals zone.
12:50 of 1st period - Off-side.
12:51 of 1st period - Tyler Seguin wins face-off versus Vinnie Hinostroza in neutral zone.
13:16 of 1st period - Shot by Tyler Seguin.
13:16 of 1st period - Shot Blocked by Michael Del Zotto.
13:18 of 1st period - Shot by Tyler Seguin.
13:18 of 1st period - Stopped by Aaron Dell without a rebound.
13:19 of 1st period - Mikael Granlund wins face-off versus Leon Draisaitl in Capitals zone.
14:11 of 1st period - Icing by Vinnie Hinostroza.
14:12 of 1st period - Tyler Seguin wins face-off versus Vinnie Hinostroza in Capitals zone.
14:12 of 1st period - Tyler Seguin is hit by Michael Del Zotto.
14:50 of 1st period - Shot by Nikolaj Ehlers.
14:50 of 1st period - Stopped by Aaron Dell without a rebound.
14:51 of 1st period - Luke Glendening wins face-off versus Reilly Smith in Capitals zone.
15:27 of 1st period - Shot by Mikael Granlund.
15:27 of 1st period - Shot Misses the Net.
15:40 of 1st period - Adam Pelech is hit by Riley Stillman and loses puck.
15:52 of 1st period - Icing by Kris Russell.
15:53 of 1st period - Jason Dickinson wins face-off versus Leon Draisaitl in Capitals zone.
16:05 of 1st period - David Kampf is hit by Ryan Nugent-Hopkins and loses puck.
16:18 of 1st period - Shot by Ryan Nugent-Hopkins.
16:18 of 1st period - Shot Misses the Net.
16:20 of 1st period - Shot by Elias Lindholm.
16:20 of 1st period - Stopped by Aaron Dell without a rebound.
16:21 of 1st period - Casey Mittelstadt wins face-off versus Tyler Seguin in Capitals zone.
16:21 of 1st period - Casey Mittelstadt is hit by Tyler Seguin.
16:37 of 1st period - Shot by Kevin Labanc.
16:37 of 1st period - Goal by Kevin Labanc - Capitals : 3 - Sabres : 1.
16:38 of 1st period - Elias Lindholm wins face-off versus Mikael Granlund in neutral zone.
17:03 of 1st period - Shot by Kris Letang.
17:03 of 1st period - Shot Blocked by Brett Kulak.
17:07 of 1st period - Shot by Ryan Nugent-Hopkins.
17:07 of 1st period - Deflect By Leon Draisaitl.
17:07 of 1st period - Shot Misses the Net.
17:09 of 1st period - Shot by Leon Draisaitl.
17:09 of 1st period - Stopped by Aaron Dell without a rebound.
17:10 of 1st period - Tyler Seguin wins face-off versus Jason Dickinson in Capitals zone.
17:11 of 1st period - Shot by Kevin Fiala.
17:11 of 1st period - Deflect By Tyler Seguin.
17:11 of 1st period - Stopped by Aaron Dell with a rebound.
17:27 of 1st period - Shot by Brandon Montour.
17:27 of 1st period - Stopped by Matt Murray without a rebound.
17:28 of 1st period - Luke Glendening wins face-off versus Chandler Stephenson in Sabres zone.
17:28 of 1st period - Luke Glendening is hit by Chandler Stephenson.
18:14 of 1st period - Icing by Adam Pelech.
18:15 of 1st period - Luke Glendening wins face-off versus Mikael Granlund in Sabres zone.
18:15 of 1st period - Luke Glendening is hit by Bobby Ryan.
18:22 of 1st period - Off-side.
18:23 of 1st period - Leon Draisaitl wins face-off versus Mikael Granlund in neutral zone.
18:28 of 1st period - Shot by Ryan Nugent-Hopkins.
18:28 of 1st period - Shot Misses the Net.
18:31 of 1st period - Icing by Michael Del Zotto.
18:32 of 1st period - Leon Draisaitl wins face-off versus Mikael Granlund in Capitals zone.
18:44 of 1st period - Icing by Kris Letang.
18:45 of 1st period - Jason Dickinson wins face-off versus Leon Draisaitl in Sabres zone.
19:00 of 1st period - Jason Dickinson is hit by Erik Gustafsson and loses puck.
19:12 of 1st period - Jason Dickinson is hit by Kris Letang and loses puck.
19:21 of 1st period - Shot by Wayne Simmonds.
19:21 of 1st period - Stopped by Matt Murray without a rebound.
19:22 of 1st period - Tyler Seguin wins face-off versus Mikael Granlund in Sabres zone.
19:35 of 1st period - Shot by Nikolaj Ehlers.
19:35 of 1st period - Stopped by Aaron Dell without a rebound.
19:36 of 1st period - Casey Mittelstadt wins face-off versus Luke Glendening in Capitals zone.
19:57 of 1st period - Shot by Chandler Stephenson.
19:57 of 1st period - Stopped by Matt Murray with a rebound.
19:59 of 1st period - Shot by Chandler Stephenson.
19:59 of 1st period - Shot Misses the Net.
Goals for this period are 3 for Capitals vs 1 for Sabres.
Shots for this period are 10 for Capitals vs 11 for Sabres.

2nd period


0:01 of 2nd period - Tyler Seguin wins face-off versus Mikael Granlund in neutral zone.
0:40 of 2nd period - Shot by Tyler Seguin.
0:40 of 2nd period - Stopped by Aaron Dell with a rebound.
1:02 of 2nd period - Shot by Ryan Nugent-Hopkins.
1:02 of 2nd period - Stopped by Aaron Dell without a rebound.
1:03 of 2nd period - Jason Dickinson wins face-off versus Luke Glendening in Capitals zone.
1:03 of 2nd period - Jason Dickinson is hit by Luke Glendening.
1:20 of 2nd period - Shot by Luke Glendening.
1:20 of 2nd period - Stopped by Aaron Dell without a rebound.
1:21 of 2nd period - Leon Draisaitl wins face-off versus Casey Mittelstadt in Capitals zone.
1:26 of 2nd period - Shot by Leon Draisaitl.
1:26 of 2nd period - Stopped by Aaron Dell without a rebound.
1:27 of 2nd period - Leon Draisaitl wins face-off versus Jason Dickinson in Capitals zone.
1:31 of 2nd period - Leon Draisaitl is hit by Riley Stillman and loses puck.
2:03 of 2nd period - Jason Dickinson is hit by Dmitry Orlov and loses puck.
2:38 of 2nd period - Shot by Casey Mittelstadt.
2:38 of 2nd period - Shot Blocked by Erik Gustafsson.
2:40 of 2nd period - Shot by Chandler Stephenson.
2:40 of 2nd period - Stopped by Matt Murray with a rebound.
2:44 of 2nd period - Shot by Chandler Stephenson.
2:44 of 2nd period - Stopped by Matt Murray without a rebound.
2:45 of 2nd period - Luke Glendening wins face-off versus Mikael Granlund in Sabres zone.
4:43 of 2nd period - Shot by Ryan Nugent-Hopkins.
4:43 of 2nd period - Deflect By Elias Lindholm.
4:43 of 2nd period - Stopped by Aaron Dell without a rebound.
4:44 of 2nd period - Nic Dowd wins face-off versus Jason Dickinson in Capitals zone.
6:01 of 2nd period - Shot by Casey Mittelstadt.
6:01 of 2nd period - Stopped by Matt Murray without a rebound.
6:02 of 2nd period - Kevin Fiala wins face-off versus Vinnie Hinostroza in Sabres zone.
6:02 of 2nd period - Kevin Fiala is hit by Josh Anderson.
6:12 of 2nd period - Shot by Tyler Seguin.
6:12 of 2nd period - Shot Misses the Net.
6:14 of 2nd period - Shot by Kris Letang.
6:14 of 2nd period - Shot Misses the Net.
6:22 of 2nd period - Shot by Nikolaj Ehlers.
6:22 of 2nd period - Stopped by Aaron Dell without a rebound.
6:23 of 2nd period - Wayne Simmonds wins face-off versus Leon Draisaitl in Capitals zone.
6:25 of 2nd period - Minor Penalty to Ryan Nugent-Hopkins for Hooking.
6:26 of 2nd period - Luke Glendening wins face-off versus Jason Dickinson in Sabres zone.
7:26 of 2nd period - Shot by Michael Del Zotto.
7:26 of 2nd period - Shot Misses the Net.
8:36 of 2nd period - Shot by Vinnie Hinostroza.
8:36 of 2nd period - Shot Blocked by Christian Djoos.
8:45 of 2nd period - Minor Penalty to Brett Kulak for Roughing.
8:46 of 2nd period - Tyler Seguin wins face-off versus Reilly Smith in Capitals zone.
10:13 of 2nd period - Shot by Kris Letang.
10:13 of 2nd period - Stopped by Aaron Dell without a rebound.
10:14 of 2nd period - Chandler Stephenson wins face-off versus Elias Lindholm in Capitals zone.
10:57 of 2nd period - Shot by Jonathan Drouin.
10:57 of 2nd period - Shot Misses the Net.
11:15 of 2nd period - Shot by Jonathan Drouin.
11:15 of 2nd period - Stopped by Aaron Dell without a rebound.
11:16 of 2nd period - Leon Draisaitl wins face-off versus Casey Mittelstadt in Capitals zone.
11:23 of 2nd period - Shot by Leon Draisaitl.
11:23 of 2nd period - Shot Misses the Net.
11:25 of 2nd period - Shot by Kris Letang.
11:25 of 2nd period - Stopped by Aaron Dell without a rebound.
11:26 of 2nd period - David Kampf wins face-off versus Tyler Seguin in Capitals zone.
12:29 of 2nd period - Shot by Mikael Granlund.
12:29 of 2nd period - Shot Misses the Net.
12:31 of 2nd period - Shot by Reilly Smith.
12:31 of 2nd period - Stopped by Matt Murray without a rebound.
12:32 of 2nd period - Leon Draisaitl wins face-off versus Casey Mittelstadt in Sabres zone.
12:32 of 2nd period - Leon Draisaitl is hit by Chandler Stephenson.
12:41 of 2nd period - Erik Gustafsson and Jonas Siegenthaler fight to a draw.
12:41 of 2nd period - Penalty to Erik Gustafsson for Fighting.
12:41 of 2nd period - Penalty to Jonas Siegenthaler for Fighting.
12:42 of 2nd period - Luke Glendening wins face-off versus Mikael Granlund in neutral zone.
12:42 of 2nd period - Luke Glendening is hit by Bobby Ryan.
12:43 of 2nd period - Double Minor Penalty to Bobby Ryan for High sticking.
12:44 of 2nd period - Leon Draisaitl wins face-off versus Reilly Smith in Capitals zone.
12:47 of 2nd period - Shot by Ryan Nugent-Hopkins.
12:47 of 2nd period - Stopped by Aaron Dell with a rebound.
12:51 of 2nd period - Shot by Elias Lindholm.
12:51 of 2nd period - Shot Blocked by Michael Del Zotto.
13:04 of 2nd period - Icing by Elias Lindholm.
13:05 of 2nd period - Leon Draisaitl wins face-off versus Reilly Smith in Sabres zone.
13:05 of 2nd period - Leon Draisaitl is hit by Mikael Granlund.
13:11 of 2nd period - Shot by Leon Draisaitl.
13:11 of 2nd period - Stopped by Aaron Dell with a rebound.
13:13 of 2nd period - Shot by Kris Letang.
13:13 of 2nd period - Stopped by Aaron Dell without a rebound.
13:14 of 2nd period - Reilly Smith wins face-off versus Tyler Seguin in Capitals zone.
13:14 of 2nd period - Reilly Smith is hit by Nikolaj Ehlers.
14:20 of 2nd period - Shot by Leon Draisaitl.
14:20 of 2nd period - Shot Misses the Net.
14:32 of 2nd period - Shot by Leon Draisaitl.
14:32 of 2nd period - Stopped by Aaron Dell with a rebound.
14:34 of 2nd period - Shot by Kris Letang.
14:34 of 2nd period - Stopped by Aaron Dell without a rebound.
14:35 of 2nd period - Tyler Seguin wins face-off versus Reilly Smith in Capitals zone.
14:36 of 2nd period - Shot by Nikolaj Ehlers.
14:36 of 2nd period - Stopped by Aaron Dell without a rebound.
14:37 of 2nd period - Reilly Smith wins face-off versus Leon Draisaitl in Capitals zone.
15:32 of 2nd period - Shot by Tyler Seguin.
15:32 of 2nd period - Stopped by Aaron Dell without a rebound.
15:33 of 2nd period - Chandler Stephenson wins face-off versus Kevin Fiala in Capitals zone.
15:54 of 2nd period - Shot by Tyler Seguin.
15:54 of 2nd period - Shot Blocked by Michael Del Zotto.
15:56 of 2nd period - Shot by Kevin Fiala.
15:56 of 2nd period - Stopped by Aaron Dell without a rebound.
15:57 of 2nd period - Leon Draisaitl wins face-off versus Chandler Stephenson in Capitals zone.
15:57 of 2nd period - Leon Draisaitl is hit by Riley Stillman.
16:43 of 2nd period - Shot by Kris Letang.
16:43 of 2nd period - Stopped by Aaron Dell without a rebound.
16:44 of 2nd period - Luke Glendening wins face-off versus Vinnie Hinostroza in Capitals zone.
16:55 of 2nd period - Jonathan Drouin is hit by Josh Anderson.
17:11 of 2nd period - Shot by Luke Glendening.
17:11 of 2nd period - Shot Misses the Net.
17:13 of 2nd period - Shot by Adam Pelech.
17:13 of 2nd period - Stopped by Aaron Dell without a rebound.
17:14 of 2nd period - Jason Dickinson wins face-off versus Tyler Seguin in Capitals zone.
17:27 of 2nd period - Shot by Nikolaj Ehlers.
17:27 of 2nd period - Shot Misses the Net.
17:53 of 2nd period - Shot by Kevin Fiala.
17:53 of 2nd period - Shot Misses the Net.
18:03 of 2nd period - Shot by Ryan Nugent-Hopkins.
18:03 of 2nd period - Stopped by Aaron Dell without a rebound.
18:04 of 2nd period - Casey Mittelstadt wins face-off versus Ryan Nugent-Hopkins in Capitals zone.
18:37 of 2nd period - Icing by Ryan Nugent-Hopkins.
18:38 of 2nd period - Leon Draisaitl wins face-off versus Mikael Granlund in Sabres zone.
18:38 of 2nd period - Elias Lindholm is hit by Reilly Smith and loses puck.
19:32 of 2nd period - Josh Anderson is hit by Jonathan Drouin and loses puck.
Goals for this period are 0 for Capitals vs 0 for Sabres.
Shots for this period are 4 for Capitals vs 20 for Sabres.

3rd period


0:01 of 3rd period - Leon Draisaitl wins face-off versus Mikael Granlund in neutral zone.
0:09 of 3rd period - Leon Draisaitl is hit by Brandon Montour and loses puck.
0:16 of 3rd period - Shot by Ryan Nugent-Hopkins.
0:16 of 3rd period - Shot Misses the Net.
0:43 of 3rd period - Elias Lindholm is hit by Brandon Montour and loses puck.
1:08 of 3rd period - Shot by David Kampf.
1:08 of 3rd period - Shot Misses the Net.
1:10 of 3rd period - Shot by Jason Dickinson.
1:10 of 3rd period - Shot Misses the Net.
1:12 of 3rd period - Shot by Riley Stillman.
1:12 of 3rd period - Stopped by Matt Murray without a rebound.
1:13 of 3rd period - Casey Mittelstadt wins face-off versus Luke Glendening in Sabres zone.
1:25 of 3rd period - Shot by Luke Glendening.
1:25 of 3rd period - Stopped by Aaron Dell without a rebound.
1:26 of 3rd period - Tyler Seguin wins face-off versus Jason Dickinson in Capitals zone.
1:26 of 3rd period - Kevin Fiala is hit by Riley Stillman and loses puck.
1:50 of 3rd period - Shot by David Kampf.
1:50 of 3rd period - Shot Blocked by Erik Gustafsson.
2:25 of 3rd period - Kevin Labanc is hit by Kris Letang and loses puck.
2:51 of 3rd period - Shot by Leon Draisaitl.
2:51 of 3rd period - Stopped by Aaron Dell without a rebound.
2:52 of 3rd period - Luke Glendening wins face-off versus Mikael Granlund in Capitals zone.
2:53 of 3rd period - Shot by Nic Dowd.
2:53 of 3rd period - Goal by Nic Dowd - Capitals : 3 - Sabres : 2.
2:54 of 3rd period - Leon Draisaitl wins face-off versus Bobby Ryan in neutral zone.
3:03 of 3rd period - Shot by Leon Draisaitl.
3:03 of 3rd period - Stopped by Aaron Dell with a rebound.
3:20 of 3rd period - Off-side.
3:21 of 3rd period - Luke Glendening wins face-off versus Wayne Simmonds in neutral zone.
3:27 of 3rd period - Minor Penalty to Riley Stillman for Hooking.
3:28 of 3rd period - Reilly Smith wins face-off versus Leon Draisaitl in Capitals zone.
3:37 of 3rd period - Shot by Rasmus Dahlin.
3:37 of 3rd period - Shot Blocked by Michael Del Zotto.
3:39 of 3rd period - Shot by Ryan Nugent-Hopkins.
3:39 of 3rd period - Shot Misses the Net.
3:41 of 3rd period - Shot by Rasmus Dahlin.
3:41 of 3rd period - Shot Misses the Net.
3:47 of 3rd period - Shot by Elias Lindholm.
3:47 of 3rd period - Deflect By Leon Draisaitl.
3:47 of 3rd period - Stopped by Aaron Dell with a rebound.
3:49 of 3rd period - Shot by Dmitry Orlov.
3:49 of 3rd period - Shot Hit the Post.
4:29 of 3rd period - Shot by Tyler Seguin.
4:29 of 3rd period - Shot Misses the Net.
4:31 of 3rd period - Shot by Kris Letang.
4:31 of 3rd period - Deflect By Kevin Fiala.
4:31 of 3rd period - Shot Blocked by Kris Russell.
4:33 of 3rd period - Shot by Kris Letang.
4:33 of 3rd period - Stopped by Aaron Dell without a rebound.
4:34 of 3rd period - Tyler Seguin wins face-off versus Reilly Smith in Capitals zone.
4:43 of 3rd period - Shot by Erik Gustafsson.
4:43 of 3rd period - Stopped by Aaron Dell without a rebound.
4:44 of 3rd period - Leon Draisaitl wins face-off versus Bobby Ryan in Capitals zone.
4:46 of 3rd period - Ryan Nugent-Hopkins is hit by Jonas Siegenthaler and loses puck.
5:12 of 3rd period - Icing by Kris Letang.
5:13 of 3rd period - Leon Draisaitl wins face-off versus Bobby Ryan in Sabres zone.
5:18 of 3rd period - Jason Dickinson is hit by Elias Lindholm and loses puck.
5:24 of 3rd period - Minor Penalty to Kris Russell for Slashing.
5:25 of 3rd period - Tyler Seguin wins face-off versus Reilly Smith in Capitals zone.
5:25 of 3rd period - Tyler Seguin is hit by Michael Del Zotto.
5:31 of 3rd period - Shot by Nikolaj Ehlers.
5:31 of 3rd period - Stopped by Aaron Dell without a rebound.
5:32 of 3rd period - Tyler Seguin wins face-off versus Reilly Smith in Capitals zone.
6:41 of 3rd period - Shot by Leon Draisaitl.
6:41 of 3rd period - Stopped by Aaron Dell without a rebound.
6:42 of 3rd period - Leon Draisaitl wins face-off versus Bobby Ryan in Capitals zone.
6:55 of 3rd period - Shot by Jason Dickinson.
6:55 of 3rd period - Shot Misses the Net.
7:58 of 3rd period - Shot by Jonathan Drouin.
7:58 of 3rd period - Stopped by Aaron Dell without a rebound.
7:59 of 3rd period - Vinnie Hinostroza wins face-off versus Tyler Seguin in Capitals zone.
7:59 of 3rd period - Vinnie Hinostroza is hit by Kevin Fiala.
9:57 of 3rd period - Shot by Reilly Smith.
9:57 of 3rd period - Shot Misses the Net.
10:10 of 3rd period - Icing by Riley Stillman.
10:11 of 3rd period - Mikael Granlund wins face-off versus Tyler Seguin in Capitals zone.
10:51 of 3rd period - Icing by Riley Stillman.
10:52 of 3rd period - Luke Glendening wins face-off versus Mikael Granlund in Capitals zone.
10:53 of 3rd period - Shot by Jonathan Drouin.
10:53 of 3rd period - Deflect By Nic Dowd.
10:53 of 3rd period - Shot Blocked by Reilly Smith.
11:34 of 3rd period - David Kampf is hit by Adam Pelech and loses puck.
11:48 of 3rd period - Wayne Simmonds is hit by Kris Letang and loses puck.
11:54 of 3rd period - Off-side.
11:55 of 3rd period - Tyler Seguin wins face-off versus Casey Mittelstadt in neutral zone.
12:31 of 3rd period - Shot by Tyler Seguin.
12:31 of 3rd period - Stopped by Aaron Dell without a rebound.
12:31 of 3rd period - Minor Penalty to Brett Kulak for Holding.
12:32 of 3rd period - Reilly Smith wins face-off versus Leon Draisaitl in Capitals zone.
12:55 of 3rd period - Shot by Leon Draisaitl.
12:55 of 3rd period - Deflect By Ryan Nugent-Hopkins.
12:55 of 3rd period - Stopped by Aaron Dell with a rebound.
12:57 of 3rd period - Shot by Elias Lindholm.
12:57 of 3rd period - Stopped by Aaron Dell with a rebound.
13:03 of 3rd period - Shot by Leon Draisaitl.
13:03 of 3rd period - Stopped by Aaron Dell without a rebound.
13:04 of 3rd period - Bobby Ryan wins face-off versus Tyler Seguin in Capitals zone.
13:58 of 3rd period - Shot by Kris Letang.
13:58 of 3rd period - Stopped by Aaron Dell with a rebound.
14:00 of 3rd period - Shot by Erik Gustafsson.
14:00 of 3rd period - Stopped by Aaron Dell without a rebound.
14:01 of 3rd period - Leon Draisaitl wins face-off versus Reilly Smith in Capitals zone.
14:08 of 3rd period - Shot by Elias Lindholm.
14:08 of 3rd period - Shot Misses the Net.
14:18 of 3rd period - Shot by Elias Lindholm.
14:18 of 3rd period - Shot Hit the Post.
14:20 of 3rd period - Shot by Kris Letang.
14:20 of 3rd period - Stopped by Aaron Dell without a rebound.
14:21 of 3rd period - Leon Draisaitl wins face-off versus Bobby Ryan in Capitals zone.
14:55 of 3rd period - Shot by Luke Glendening.
14:55 of 3rd period - Shot Misses the Net.
14:57 of 3rd period - Shot by Luke Glendening.
14:57 of 3rd period - Shot Blocked by Brett Kulak.
14:59 of 3rd period - Shot by Adam Pelech.
14:59 of 3rd period - Shot Misses the Net.
15:22 of 3rd period - Icing by Jonas Siegenthaler.
15:23 of 3rd period - Vinnie Hinostroza wins face-off versus Leon Draisaitl in Capitals zone.
15:23 of 3rd period - Vinnie Hinostroza is hit by Elias Lindholm.
16:15 of 3rd period - Icing by Brandon Montour.
16:16 of 3rd period - Jason Dickinson wins face-off versus Tyler Seguin in Capitals zone.
17:24 of 3rd period - Shot by Mikael Granlund.
17:24 of 3rd period - Stopped by Matt Murray without a rebound.
17:25 of 3rd period - Casey Mittelstadt wins face-off versus Leon Draisaitl in Sabres zone.
17:43 of 3rd period - Icing by Leon Draisaitl.
17:44 of 3rd period - Elias Lindholm wins face-off versus Mikael Granlund in Sabres zone.
18:13 of 3rd period - Shot by Leon Draisaitl.
18:13 of 3rd period - Shot Blocked by Riley Stillman.
18:25 of 3rd period - Shot by Jonathan Drouin.
18:25 of 3rd period - Stopped by Aaron Dell without a rebound.
18:26 of 3rd period - Casey Mittelstadt wins face-off versus Tyler Seguin in Capitals zone.
18:30 of 3rd period - Off-side.
18:31 of 3rd period - Casey Mittelstadt wins face-off versus Tyler Seguin in neutral zone.
18:41 of 3rd period - Shot by Kevin Labanc.
18:41 of 3rd period - Shot Misses the Net.
18:43 of 3rd period - Shot by Michael Del Zotto.
18:43 of 3rd period - Stopped by Matt Murray with a rebound.
18:45 of 3rd period - Shot by Chandler Stephenson.
18:45 of 3rd period - Shot Misses the Net.
18:55 of 3rd period - Shot by Kevin Labanc.
18:55 of 3rd period - Shot Misses the Net.
19:05 of 3rd period - Shot by Kevin Labanc.
19:05 of 3rd period - Shot Misses the Net.
19:07 of 3rd period - Shot by Brandon Montour.
19:07 of 3rd period - Shot Misses the Net.
19:50 of 3rd period - Sabres, Matt Murray is pulled from the net.
19:55 of 3rd period - Off-side.
19:56 of 3rd period - Leon Draisaitl wins face-off versus Kevin Labanc in neutral zone.
Goals for this period are 0 for Capitals vs 1 for Sabres.
Shots for this period are 3 for Capitals vs 18 for Sabres.